 Dungeon Crawl Stone Soup version 0.23.2-1-ga50397a (webtiles) character file.

Game seed: 12027375047166052080

50 prawnwizard the Caller (level 3, -2/19 HPs)
             Began as a Tengu Summoner on May 10, 2019.
             Slain by a hobgoblin
             ... wielding a +0 club
              (4 damage)
             ... on level 2 of the Dungeon.
             The game lasted 00:05:08 (1465 turns).

prawnwizard the Caller (Tengu Summoner)             Turns: 1465, Time: 00:05:09

Health: -2/19      AC:  2    Str:  8    XL:     3   Next: 79%
Magic:  4/7        EV: 19    Int: 16    God:
Gold:   33         SH:  0    Dex: 19    Spells: 2/6 levels left

rFire    . . .     SeeInvis .   e - +1 spear (venom)
rCold    . . .     Gourm    .   (no shield)
rNeg     . . .     Faith    .   a - +0 robe
rPois    .         Spirit   .   (helmet restricted)
rElec    .         Reflect  .   (no cloak)
rCorr    .         Harm     .   (no gloves)
MR       .....                  (boots unavailable)
Stlth    +++.......             (no amulet)
HPRegen  0.06/turn              (no ring)
MPRegen  0.10/turn              (no ring)

@: agile, lethally poisoned (-2 -> -10), very slightly contaminated
A: beak, talons 3
a: no special abilities


You were on level 2 of the Dungeon.
You were very hungry.

You visited 1 branch of the dungeon, and saw 2 of its levels.

You collected 33 gold pieces.

Inventory:

Hand Weapons
 e - a +1 spear of venom (weapon)
Armour
 a - a +0 robe (worn)
Scrolls
 b - 2 scrolls of remove curse {unknown}
 f - a scroll of identify {unknown}
 h - a scroll of noise {unknown}
Potions
 d - a potion of agility
 g - 2 potions of degeneration {unknown}
Comestibles
 c - a ration


   Skills:
 + Level 2.9 Dodging
 - Level 2.0 Stealth
 + Level 2.4 Spellcasting
 * Level 5.7 Summonings


You had 2 spell levels left.
You knew the following spells:

 Your Spells              Type           Power        Failure   Level  Hunger
a - Summon Small Mammal   Summ           ###.         1%          1    #......
b - Summon Guardian Gole  Hex/Summ       ##......     19%         3    ###....

Your spell library contained the following spells:

 Spells                   Type           Power        Failure   Level  Hunger
 Call Imp                 Summ           ###.....     2%          2    ###....
 Call Canine Familiar     Summ           ###.....     5%          3    ###....
 Summon Ice Beast         Ice/Summ       ##......     52%         4    #####..
 Summon Lightning Spire   Summ/Air       ##......     52%         4    #####..


Dungeon Overview and Level Annotations

Branches:
Dungeon (2/15)

Altars:


Innate Abilities, Weirdness & Mutations

You have a beak for a mouth.
You have claws for feet.


Message History

You miscast Summon Guardian Golem.
You are very lightly contaminated with residual magic.
Nothing appears to happen.
You are feeling very hungry.
The adder misses you. The adder bites you.
* * * LOW HITPOINT WARNING * * *
You miss the adder. You claw the adder.
You kill the adder!
* * * LOW HITPOINT WARNING * * *
You feel sick. The hobgoblin hits you with a +0 club.
* * * LOW HITPOINT WARNING * * *
You hit the hobgoblin but do no damage.
The hobgoblin is poisoned.
Your kick misses the hobgoblin. You peck the hobgoblin.
The hobgoblin is moderately wounded.
* * * LOW HITPOINT WARNING * * *
You feel sick. The hobgoblin barely misses you.
It was a potion of agility.
You feel agile all of a sudden. The hobgoblin hits you with a +0 club.
You die...

#........ ##.#
##....... ...
##.....# #..
##...## ... ##+# #
#.# #.#
#.##.####.# #.#
#...g†....# ##.##
#@###########...##
#................#
###########.#...#.
#.##.##. #.##.##.
#....... ####.###
#.# #.#


You could see a hobgoblin.

Vanquished Creatures
  2 adders (D:2)
  A dart slug (D:1)
  2 leopard geckos (D:1)
  6 bats
  2 giant cockroaches (D:1)
  2 goblins (D:1)
  A hobgoblin (D:1)
  A kobold (D:2)
  A ball python (D:1)
  5 frilled lizards
  2 rats
25 creatures vanquished.

Vanquished Creatures (collateral kills)
  3 hobgoblins (D:1)
  A kobold (D:2)
  A rat (D:1)
5 creatures vanquished.

Grand Total: 30 creatures vanquished

Notes
Turn   | Place    | Note
-------+----------+-------------------------------------------
     0 | D:1      | prawnwizard the Tengu Summoner began the quest for the Orb.
     0 | D:1      | Reached XP level 1. HP: 10/10 MP: 4/4
   120 | D:1      | Reached skill level 5 in Summonings
   140 | D:1      | Reached XP level 2. HP: 6/15 MP: 4/6
   969 | D:1      | Reached XP level 3. HP: 19/19 MP: 7/7
  1126 | D:1      | Learned a level 3 spell: Summon Guardian Golem
  1465 | D:2      | Slain by a hobgoblin

Skill      XL: |  1 |
---------------+----+-----
Summonings     | 5 |  5.7
Dodging        | |  2.9
Stealth        | |  2.0
Spellcasting   | |  2.4

Action                   || total
-------------------------++-------
Melee: Unarmed           ||    29
       Kick              ||    13
       Peck              ||     8
       Spear             ||    43
 Cast: Summon Small Mamm ||     7
       Summon Guardian G ||     1
  Use: Potion            ||     1
 Stab: Sleeping          ||     6
  Eat: Chunk             ||     1
Armor: Robe              ||    12
Dodge: Dodged            ||    45
